 Dungeon Crawl Stone Soup version 0.30.1-9-gdf580d7c3d (webtiles) character file.

Game seed: 8572414781839661433

795 H0rd4k the Charlatan (level 7, 0/45 HPs)
             Began as an Octopode Artificer on Oct 19, 2023.
             Slain by an orc wizard
             ... wielding a +3 vampiric dagger
              (6 damage)
             ... on level 4 of the Dungeon.
             The game lasted 00:04:42 (3479 turns).

H0rd4k the Charlatan (Octopode Artificer)           Turns: 3479, Time: 00:04:42

Health: 0/45       AC:  1    Str: 12    XL:     7   Next: 89%
Magic:  7/7        EV: 19    Int: 15    God:
Gold:   263        SH:  0    Dex: 12    Spells: 6/6 levels left

rFire   . .          .
                       - Unarmed
rCold   . . .        (no shield)
rNeg    . . .        (helmet restricted)
rPois   .            (no amulet)
rElec   .            e - +5 ring of evasion
rCorr   .            (no ring)
SInv    .            (no ring)
Will    .....        (no ring)
Stlth   +++          (no ring)
HPRegen 0.27/turn    (no ring)
MPRegen 0.10/turn    (no ring)
                     (no ring)

%: no passive effects
@: no status effects
A: almost no armour, amphibious, 8 rings, camouflage 1, gelatinous body 1,
(nimble swimmer 1), tentacles
a: no special abilities


You were on level 4 of the Dungeon.
You visited 1 branch of the dungeon, and saw 4 of its levels.

You collected 263 gold pieces.

Inventory:

Missiles
 t - a throwing net
Jewellery
 e - a +5 ring of evasion (left tentacle)
Wands
 b - a wand of flame (6)
 c - a wand of charming (11)
 d - a wand of polymorph (6)
 i - a wand of light (5)
 p - a wand of mindburst (2) (quivered)
Scrolls
 a - 6 scrolls of identify {unknown}
 f - 2 scrolls of poison {unknown}
 g - a scroll of magic mapping {unknown}
 h - a scroll of butterflies {unknown}
 m - a scroll of vulnerability {unknown}
 r - a scroll of enchant weapon {unknown}
 s - a scroll of teleportation {unknown}
Potions
 j - a potion of degeneration {unknown}
 k - 3 potions of attraction {unknown}
 l - 2 potions of brilliance {unknown}
 n - 3 potions of heal wounds {unknown}
 o - a potion of might {unknown}
 q - a potion of lignification {unknown}


   Skills:
 + Level 2.1 Fighting
 + Level 4.6 Dodging
 - Level 1.3 Stealth
 + Level 5.4 Unarmed Combat
 + Level 5.9 Evocations


You had 6 spell levels left.
You didn't know any spells.
Your spell library contained the following spells:

 Spells                   Type           Power      Damage    Failure   Level
 Freeze                   Ice            0%         1d3       26%         1
 Ensorcelled Hibernation  Hex/Ice        0%         N/A       38%         2
 Poisonous Vapours        Pois/Air       0%         N/A       38%         2
 Frozen Ramparts          Ice            0%         1d1       63%         3
 Hailstorm                Conj/Ice       0%         3d3       63%         3
 Mephitic Cloud           Conj/Pois/Air  0%         N/A       63%         3
 Spider Form              Tmut/Pois      0%         N/A       63%         3
 Anguish                  Hex/Necr       0%         N/A       95%         4
 Freezing Cloud           Conj/Ice/Air   0%         6-21      100%        5


Dungeon Overview and Level Annotations

Branches:
Dungeon (4/15)
 Temple: D:4-7

Altars:
Dithmenos
Makhleb
Uskayaw
Xom

Shops:
D:2 [   D:3 [


Innate Abilities, Weirdness & Mutations

You cannot wear most types of armour.
You are amphibious.
You can wear up to eight rings at the same time.
Your skin changes colour to match your surroundings (Stealth+).
Your rubbery body absorbs attacks. (AC +1, EV +1)
((You are camouflaged when in or above water. (Stealth+)))
You have tentacles for arms and can constrict up to eight enemies at once.


Message History

You kill the orc!
Something hits you.
A magic dart appears from out of thin air!
The magic dart hits you. Something hits you!
You closely miss something. Something hits you.
You miss something. You squeeze something! You miss something.
Your squeeze misses something.
You hear some strange, mumbled words.
A magic dart appears from out of thin air!
The magic dart hits you!
You miss something. Something closely misses you.
You barely miss something.
You hear some strange, mumbled words.
Something tries to affect you, but you resist.
You tentacle-slap something. Something barely misses you.
You miss something. Something hits you.
You miss something. You squeeze something.
Something hits you but does no damage.
You miss something.
You hear some strange, mumbled words.
You are confused.
You barely miss something. Something hits you.
You bump into the rock wall.
Something completely misses you.
You miss something. Your squeeze misses something. Something hits you.
You bump into the rock wall.
You hear some strange, mumbled words.
A puff of flame appears from out of thin air!
The puff of flame hits you.
* * * LOW HITPOINT WARNING * * *
You bump into the rock wall.
Something barely misses you.
You bump into the rock wall.
Something hits you.
* * * LOW HITPOINT WARNING * * *
You bump into the rock wall.
You hear some strange, mumbled words.
Something tries to affect you, but you resist.
You bump into the rock wall.
You feel less confused. Something hits you.
You die...

#################
..........@{o...#
###....#######.#
#...)# #.#### ##
#....# #....##....
#....# ###o.....#
#....# #.##.#.#
######....#######.).#
#
.....#....#o...o..###
.....#....#.......


You could see an orc.

Vanquished Creatures
  Sigmund (D:2)
  2 ogres (D:4)
  A howler monkey (D:4)
  A crimson imp (D:4)
  3 hounds
  An iguana (D:4)
  Natasha (thrice) (D:2)
  Terence (D:2)
  7 adders
  2 worms
  5 dart slugs
  2 orcs (D:4)
  10 ball pythons
  9 endoplasms
  A giant cockroach (D:3)
  8 goblins
  10 hobgoblins
  4 jackals
  A quokka (D:2)
  4 bats
  3 frilled lizards
  6 kobolds
  5 rats
90 creatures vanquished.

Vanquished Creatures (others)
  A ball python (D:2)
1 creature vanquished.

Grand Total: 91 creatures vanquished

Notes
Turn   | Place    | Note
-------+----------+-------------------------------------------
     0 | D:1      | H0rd4k the Octopode Artificer began the quest for the Orb.
     0 | D:1      | Reached XP level 1. HP: 13/13 MP: 1/1
   127 | D:1      | Reached XP level 2. HP: 2/18 MP: 2/2
   600 | D:2      | Reached XP level 3. HP: 23/23 MP: 3/3
   642 | D:2      | Noticed Natasha
   649 | D:2      | Killed Natasha
   650 | D:2      | Reached skill level 1 in Unarmed Combat
   651 | D:2      | Reached XP level 4. HP: 28/28 MP: 4/4
   840 | D:2      | Found Osoro's Armour Boutique.
   881 | D:2      | Noticed Terence
   925 | D:2      | Killed Terence
   926 | D:2      | Reached XP level 5. HP: 23/33 MP: 5/5
   975 | D:2      | Noticed Natasha
   983 | D:2      | Killed Natasha
  1072 | D:2      | Noticed Sigmund
  1077 | D:2      | Killed Sigmund
  1078 | D:2      | Reached skill level 5 in Evocations
  1078 | D:2      | Reached XP level 6. HP: 34/38 MP: 6/6
  1231 | D:2      | Noticed Natasha
  1237 | D:2      | Killed Natasha
  1420 | D:3      | Identified the +0 helmet of Mysticism {rElec Str+2 Int-2}
  1499 | D:3      | Found a faded altar of an unknown god.
  1563 | D:3      | Found a shadowy altar of Dithmenos.
  1580 | D:3      | Found Zonyg's Antique Armour Shoppe.
  2477 | D:4      | Reached XP level 7. HP: 44/44 MP: 7/7
  2622 | D:4      | Found a shimmering altar of Xom.
  2622 | D:4      | Found a burning altar of Makhleb.
  2780 | D:4      | Found a hide-covered altar of Uskayaw.
  2987 | D:4      | Reached skill level 5 in Unarmed Combat
  3479 | D:4      | Slain by an orc wizard

Illustrated notes

Levels and vault maps discovered:
D:1:      wander_arrival_estate, layout_rooms, hex_intersection,
          chequers_serial_rivers_micro_a, minmay_misc_feat_five,
          minmay_hexomino_u4
D:2:      layout_rooms, serial_shops, nicolae_shop_getting_attention,
          uniq_natasha, uniq_sigmund, uniq_terence
D:3:      minmay_spotlight, layout_loops_ring, nicolae_dithmenos_shadow_blocks,
          ebering_ecumenical_altar_rust, serial_rivers,
          chequers_serial_rivers_large_a, chequers_serial_rivers_micro_d,
          chequers_serial_rivers_small_a, chequers_serial_rivers_room_b,
          chequers_serial_rivers_large_b, serial_shops,
          nicolae_shop_advertising_works [nicolae_subvault_shop_adworks],
          ebering_dispersal_statue_hall, minmay_misc_feat_rugged
D:4:      layout_rooms, grunt_temple_overflow_champion_of_chaos,
          mainiacjoe_overflow_tiny_flanked, serial_co_window_serial,
          co_window_corner_a, co_window_paths_a, co_window_paths_a,
          co_window_of_opportunity_a, co_window_corner_a, co_window_paths_a,
          co_window_paths_b, co_window_cross_4, co_window_cross_4,
          co_window_broadway_a, co_window_paths_d, co_window_paths_e,
          glass_columns_c, glass_columns_c, glass_columns_a, glass_columns_a,
          glass_columns_a

Skill      XL: |  1  2  3  4  5  6  7 |
---------------+----------------------+-----
Evocations     | 4 5 |  5.9
Dodging        | 3 4 |  4.6
Unarmed Combat | 1 3 5 |  5.4
Fighting       | 2 |  2.1
Stealth        | |  1.3

Action                     |  1- 3 |  4- 6 |  7- 9 || total
---------------------------+-------+-------+-------++-------
  Melee: Unarmed           |    52 |   110 |    67 ||   229
         Tentacles         |    13 |    18 |    18 ||    49
         Constrict         |     9 |    26 |    20 ||    55
         Punch             |       |     5 |     3 ||     8
  Evoke: Wand              |     1 |    17 |     4 ||    22
    Use: Potion            |       |     1 |       ||     1
   Stab: Sleeping          |     5 |     8 |     1 ||    14
         Distracted        |       |     1 |       ||     1
 Armour: Skin              |     7 |     6 |     1 ||    14
  Dodge: Dodged            |    55 |    82 |    45 ||   182
